 Dungeon Crawl Stone Soup version 0.29.0-15-g675c0067aa (webtiles) character file.

Game seed: 4699051481164062236

4 qw the Sneak (level 1, -1/14 HPs)
             Began as a Gargoyle Delver on Sept 11, 2022.
             Slain by an iguana (5 damage)
             ... on level 3 of the Dungeon.
             The game lasted 00:00:03 (95 turns).

qw the Sneak (Gargoyle Delver)                        Turns: 95, Time: 00:00:03

Health: -1/14      AC: 10    Str: 15    XL:     1   Next: 70%
Magic:  1/1        EV:  6    Int: 10    God:
Gold:   29         SH:  0    Dex: 11    Spells: 0/0 levels left

rFire   . . .      SeeInvis .   Y - +0 hand axe
rCold   . . .      Faith    .   (no shield)
rNeg    + . .      Spirit   .   a - +0 chain mail
rPois   inf        Reflect  .   (no helmet)
rElec   +          Harm     .   (no cloak)
rCorr   .          Rampage  .   (no gloves)
Will    .....                   (no boots)
Stlth   ..........              (no amulet)
HPRegen 0.04/turn               (no ring)
MPRegen 0.07/turn               (no ring)

@: no status effects
A: sickness immunity, AC +2, negative energy resistance 1, electricity
resistance, torment resistance 1, petrification resistance
a: no special abilities


You were on level 3 of the Dungeon.
You visited 1 branch of the dungeon, and saw 3 of its levels.

You collected 29 gold pieces.


Innate Abilities, Weirdness & Mutations

You are immune to sickness and miasma.
Your stone body is resilient. (AC +2)
You are immune to poison.
You resist negative energy. (rN+)
You are resistant to electric shocks. (rElec)
You are resistant to unholy torment.
You are immune to petrification.


   Skills:
 - Level 3.2 Fighting
 - Level 2.2 Axes
 + Level 0.0 Armour
 - Level 1.5 Dodging
 - Level 5.4 Stealth


You couldn't memorise any spells.
You didn't know any spells.
Your spell library was empty.

Inventory:

Hand Weapons
 Y - a +0 hand axe (weapon)
Armour
 a - a +0 chain mail (worn)
Wands
 g - a wand of digging (3)
Potions
 f - a potion of haste

Dungeon Overview and Level Annotations

Branches:
Dungeon (5/15)
 Temple: D:4-7

Altars:


Message History

Assign waypoint to what number? (0-9, D - delete waypoint) Waypoint 2 re-assigned from D:5 to D:3.
Enter note: An iguana comes into view.
The iguana hisses angrily.
You hit the orc.
The orc is lightly wounded.
The orc hits you but does no damage.
You hit the orc.
The orc is almost dead.
You closely miss the frilled lizard. You hit the hobgoblin.
The hobgoblin hits you but does no damage.
The frilled lizard bites you. The orc hits you but does no damage.
You hit the orc.
You kill the orc!
You hit the frilled lizard but do no damage.
You hit the hobgoblin.
The hobgoblin hits you but does no damage.
The frilled lizard closely misses you.
Your Axes skill increases to level 2!
You hit the hobgoblin.
You kill the hobgoblin!
You miss the frilled lizard. The frilled lizard closely misses you.
You miss the frilled lizard. The frilled lizard barely misses you.
The iguana barely misses you.
The frilled lizard bites you but does no damage.
You barely miss the iguana. You closely miss the frilled lizard.
The frilled lizard barely misses you. The iguana bites you!
Ouch! That really hurt!
You hit the iguana.
The iguana is moderately wounded.
You completely miss the frilled lizard. The frilled lizard barely misses you.
The iguana barely misses you.
You hit the iguana. You punch the iguana.
The iguana is severely wounded.
You hit the frilled lizard.
You kill the frilled lizard!
The iguana bites you.
You die...

# ###.#####
#@)......
#..l......
........../
.............
#..##..........
## #..........
#..........
##.........


You could see an iguana.

Vanquished Creatures
  An orc (D:3)
  A goblin (D:4)
  A hobgoblin (D:3)
  A frilled lizard (D:3)
4 creatures vanquished.

Notes
Turn   | Place    | Note
-------+----------+-------------------------------------------
     0 | D:5      | qw the Gargoyle Delver began the quest for the Orb.
     0 | D:5      | Reached XP level 1. HP: 14/14 MP: 1/1
     0 | D:5      | 0 ||| qw: Version: 0.1-a-118-gb4e7ce6
     0 | D:5      | 0 ||| qw: Game counter: 10213
     0 | D:5      | 0 ||| qw: Always use a shield: true
     0 | D:5      | 0 ||| qw: God list: Okawaru
     0 | D:5      | 0 ||| qw: Allow faded altars: false
     0 | D:5      | 0 ||| qw: Do Orc after D:15 true
     0 | D:5      | 0 ||| qw: Do second Lair branch before Depths: true
     0 | D:5      | 0 ||| qw: Lair rune preference: random
     0 | D:5      | 0 ||| qw: Plans: Normal
     0 | D:5      | 0 ||| PLANNING D:1-11
    43 | D:5      | 43 ||| READING scroll labelled KARUS NOYPROHEFA.
    44 | D:5      | 44 ||| DROPPING scroll of fog.
    45 | D:5      | 45 ||| DROPPING scroll of magic mapping.
    46 | D:5      | 46 ||| DROPPING scroll of fear.
    61 | D:4      | 61 ||| UPGRADING to +0 chain mail.
    71 | D:4      | 71 ||| DROPPING +0 leather armour.
    86 | D:3      | Noticed an iguana
    95 | D:3      | Slain by an iguana

Levels and vault maps discovered:
D:3:      layout_rooms, chequers_serial_rivers_large_a,
          guppyfry_early_lair_pool, uniq_jessica
D:4:      layout_loops_ring, hangedman_abyss_or_decor_slice
D:5:      layout_cave_pools, mainiacjoe_overflow_alcove_1, temple_hall,
          sigmund_edmund_badplayer

Skill      XL: |  1 |
---------------+----+-----
Axes           | 2 |  2.2
Fighting       | |  3.2
Dodging        | |  1.5
Stealth        | |  5.4

Action                   || total
-------------------------++-------
Melee: Hand axe          ||    10
       Punch             ||     1
  Use: Scroll            ||     1
Armor: Chain mail        ||     6
Dodge: Dodged            ||     7

Table legend:
 A = Non-vault XP
 B = Vault XP
 C = Vault XP percentage of total XP
 D = Non-vault monster count
 E = Vault monster count
 F = Vault count percentage of total count
                 A         B        C        D         E       F
            +---------+---------+-------+---------+---------+-------
      Total |       8 |       0 |   0.0 |       4 |       0 |   0.0
            +---------+---------+-------+---------+---------+-------
        D:3 |       6 |       0 |   0.0 |       3 |       0 |   0.0
        D:4 |       2 |       0 |   0.0 |       1 |       0 |   0.0
            +---------+---------+-------+---------+---------+-------
